 Dungeon Crawl Stone Soup version 0.29-a0-344-ge2f44be95a (webtiles) character file.

Game seed: 12197128871111967767

53 Antichthon the Chopper (level 3, -1/32 HPs)
             Began as a Naga Warper on Apr 21, 2022.
             Slain by a water moccasin (5 damage)
             ... on level 3 of the Dungeon.
             The game lasted 00:03:33 (3083 turns).

Antichthon the Chopper (Naga Warper)                Turns: 3083, Time: 00:03:35

Health: -1/32      AC:  5    Str: 13    XL:     3   Next: 87%
Magic:  6/6        EV:  9    Int: 13    God:
Gold:   149        SH:  0    Dex: 12    Spells: 0/6 levels left

rFire   . . .      SeeInvis +   a - +0 battleaxe
rCold   . . .      Faith    .   (shield currently unavailable)
rNeg    . . .      Spirit   .   b - +0 leather armour
rPois   +          Reflect  .   y - +1 helmet
rElec   .          Harm     .   (no cloak)
rCorr   .          Rampage  .   w - +0 pair of gloves
Will    .....                   (no barding)
Stlth   +.........              (no amulet)
HPRegen 0.10/turn               m - ring of flight
MPRegen 0.10/turn               q - ring of wizardry

@: lethally poisoned (-1 -> -10), flying, very slow
A: AC +1, large, see invisible, deformed body, poison resistance, slowness 2,
spit poison 1, naga tail 1
a: Spit Poison


You were on level 3 of the Dungeon.
You visited 1 branch of the dungeon, and saw 3 of its levels.

You collected 149 gold pieces.

Inventory:

Hand Weapons
 a - a +0 battleaxe (weapon)
Missiles
 d - 7 boomerangs of dispersal (quivered)
 s - 2 boomerangs
Armour
 b - a +0 leather armour (worn)
 w - a +0 pair of gloves (worn)
 y - a +1 helmet (worn)
Jewellery
 k - an amulet of guardian spirit
 m - a ring of flight (left hand)
 q - a ring of wizardry (right hand)
Scrolls
 c - a scroll of blinking
 f - 2 scrolls of teleportation
 g - a scroll of identify
 i - 2 scrolls of fog
 o - 3 scrolls of brand weapon
 r - a scroll of vulnerability
Potions
 e - 2 potions of resistance {unknown}
 h - a potion of mutation {unknown}
 j - a potion of magic {unknown}
 l - 2 potions of ambrosia
 n - a potion of curing {unknown}
 p - a potion of heal wounds
 t - a potion of lignification {unknown}
 u - a potion of might {unknown}
 x - 2 potions of flight {unknown}


   Skills:
 - Level 2.0 Fighting
 + Level 4.1 Axes
 - Level 0.8 Throwing
 - Level 0.7 Armour
 - Level 1.5 Dodging
 - Level 2.0 Spellcasting
 - Level 3.0 Translocations


You couldn't memorise any spells.
You knew the following spells:

 Your Spells              Type           Power      Damage    Failure   Level
a - Blink                 Tloc           18%        N/A       6%          2
b - Teleport Other        Tloc           9%         N/A       12%         3
c - Apportation           Tloc           18%        N/A       4%          1

Your spell library contained the following spells:

 Spells                   Type           Power      Damage    Failure   Level
 Gell's Gravitas          Tloc           9%         N/A       12%         3
 Lesser Beckoning         Tloc           9%         N/A       12%         3
 Sandblast                Erth           2%         2d4       13%         1
 Passwall                 Tmut/Erth      0%         N/A       19%         2
 Stone Arrow              Conj/Erth      2%         3d7       34%         3
 Manifold Assault         Tloc           9%         N/A       67%         5
 Alistair's Intoxication  Tmut/Pois      0%         N/A       96%         5


Dungeon Overview and Level Annotations

Branches:
Dungeon (3/15)

Altars:


Innate Abilities, Weirdness & Mutations

Your serpentine skin is tough. (AC +1)
You have supernaturally acute eyesight. (SInv)
Armour fits poorly on your strangely shaped body.
Your system is resistant to poisons. (rPois)
You cover ground very slowly.
You can spit poison.
You have a snake-like lower body.


Message History

The water moccasin bites you but does no damage.
The water moccasin bites you.
You barely miss the water moccasin.
The water moccasin is moderately wounded.
The water moccasin bites you.
The water moccasin completely misses you.
You miss the water moccasin.
The water moccasin is moderately wounded.
The water moccasin barely misses you. x2
You feel much better. The water moccasin bites you!
You barely miss the water moccasin.
The water moccasin is moderately wounded.
The water moccasin bites you but does no damage.
The water moccasin closely misses you. The water moccasin bites you.
You miss the water moccasin.
The water moccasin is moderately wounded.
The water moccasin bites you but does no damage.
The water moccasin barely misses you.
You miss the water moccasin.
The water moccasin is moderately wounded.
The water moccasin closely misses you. The water moccasin barely misses you.
You barely miss the water moccasin.
The water moccasin is moderately wounded.
The water moccasin bites you. x2
You are poisoned.
The water moccasin poisons you!
You closely miss the water moccasin.
The water moccasin is moderately wounded.
You feel very sick.
The water moccasin bites you but does no damage.
The water moccasin bites you.
* * * LOW HITPOINT WARNING * * *
You slash the water moccasin!
The water moccasin is severely wounded.
* * * LOW HITPOINT WARNING * * *
You feel very sick. The water moccasin bites you.
* * * LOW HITPOINT WARNING * * *
The water moccasin bites you.
You die...

.######.#.#####.#..#### #'#
..............#.#.###.#....
....)..>..###.#.####..#...
#######.........###...'.
###.............##....#
.........####...#...†.#
.##.####.# #...#....# #.
#.# #.#†S†..##
#..###.####.#@#..##
#......##....#.##
#.#.#.#.....#.###
#.....##....##
###..####....#### ##
##.######†....... .
#.......).#####..#^
#.#....##### # #.. #.#.##.#
#.#.#


You could see a water moccasin.

Vanquished Creatures
  An adder (D:3)
  A dart slug (D:1)
  2 endoplasms
  A giant cockroach (D:3)
  5 goblins
  6 hobgoblins
  3 jackals (D:3)
  5 kobolds
  2 quokkas
  6 ball pythons
  2 bats (D:1)
  A frilled lizard (D:1)
35 creatures vanquished.

Notes
Turn   | Place    | Note
-------+----------+-------------------------------------------
     0 | D:1      | Antichthon the Naga Warper began the quest for the Orb.
     0 | D:1      | Reached XP level 1. HP: 19/19 MP: 3/3
   406 | D:1      | Reached XP level 2. HP: 16/26 MP: 5/5
   835 | D:1      | Reached skill level 3 in Axes
  1501 | D:2      | Reached XP level 3. HP: 22/32 MP: 6/6
  1509 | D:2      | Learned a level 1 spell: Apportation
  1512 | D:2      | Learned a level 2 spell: Blink
  1516 | D:2      | Learned a level 3 spell: Teleport Other
  2173 | D:2      | Found a faded altar of an unknown god.
  3049 | D:3      | Reached skill level 4 in Axes
  3060 | D:3      | Noticed a water moccasin
  3083 | D:3      | Slain by a water moccasin

Illustrated notes

Levels and vault maps discovered:
D:1:      saegor_arrival_under_anarchy, layout_loops_ring,
          minmay_misc_feat_four_crosses, hangedman_decor_clover_reticule
D:2:      layout_basic, basic_ecumenical_altar
D:3:      layout_loops_ring, minmay_quadrilaterals, uniq_sigmund

Skill      XL: |  1  2  3 |
---------------+----------+-----
Axes           | 3 4 |  4.1
Fighting       | |  2.0
Throwing       | |  0.8
Armour         | |  0.7
Dodging        | |  1.5
Spellcasting   | |  2.0
Translocations | |  3.0

Action                   || total
-------------------------++-------
Melee: Hand axe          ||    50
       Battleaxe         ||    81
 Abil: Spit Poison       ||    11
  Use: Scroll            ||     6
       Potion            ||     2
Armor: Leather armour    ||    69
Dodge: Dodged            ||    86

Table legend: (Time is in decaauts)
 A = Elapsed time spent in this place.
 B = Non-inter-level travel time spent in this place.
 C = Inter-level travel time spent in this place.
 D = Time resting spent in this place.
 E = Time spent auto-exploring this place.
 F = Levels seen in this place.
 G = Mean time per level.
                   A        B        C        D        E       F      G
               +--------+--------+--------+--------+--------+-----+--------+
         Total |   3753 |   3625 |    128 |      0 |   3156 |   3 | 1251.0 |
       Dungeon |   3753 |   3625 |    128 |      0 |   3156 |   3 | 1251.0 |
               +--------+--------+--------+--------+--------+-----+--------+

Top non-repeatable levels by time:
     D:1: 1650 daAuts
     D:2: 1335 daAuts
     D:3: 766 daAuts
